 Dungeon Crawl Stone Soup version 0.21-a0-641-geef9d7f (webtiles) character file.

43 Gorglomux the Skirmisher (level 3, -1/33 HPs)
             Began as a Draconian Arcane Marksman on Dec 30, 2017.
             Killed from afar by Sigmund (5 damage)
             ... with a puff of flame
             ... on level 2 of the Dungeon.
             The game lasted 00:02:31 (1330 turns).

Gorglomux the Skirmisher (DrAM)                     Turns: 1330, Time: 00:02:32

Health: -1/33      AC:  5    Str: 12    XL:     3   Next: 37%
Magic:  1/4        EV: 12    Int: 14    God:
Gold:   72         SH:  0    Dex: 11    Spells: 3/4 levels left

rFire    . . .     SeeInvis .   a - +0 hand crossbow
rCold    . . .     Gourm    .   (no shield)
rNeg     . . .     Faith    .   (armour unavailable)
rPois    .         Spirit   .   (helmet restricted)
rElec    .         Reflect  .   (no cloak)
rCorr    .         Harm     .   (no gloves)
MR       .....                  (no boots)
Stlth    +.........             (no amulet)
HPRegen  0.11/turn              (no ring)
MPRegen  0.09/turn              (no ring)

@: no status effects
A: unfitting armour, cold-blooded, AC +5
a: no special abilities


You were on level 2 of the Dungeon.
You were not hungry.

You visited 1 branch of the dungeon, and saw 2 of its levels.

You collected 72 gold pieces.

Inventory:

Hand Weapons
 a - a +0 hand crossbow (weapon)
 b - a +0 hunting sling
Missiles
 c - 24 bolts (quivered)
 h - 21 stones
 j - 16 sling bullets
Scrolls
 i - a scroll of remove curse {unknown}
 k - a scroll of enchant armour {unknown}
 m - a scroll of identify {unknown}
Books
 e - a book of Debilitation

   Spells                             Type                      Level
   a - Corona                         Hexes                        1
   b - Slow                           Hexes                        2
   c - Inner Flame                    Hexes/Fire                   3
   d - Portal Projectile              Hexes/Translocation          3
   e - Cause Fear                     Hexes                        4
   f - Leda's Liquefaction            Hexes/Earth                  4
Comestibles
 d - 6 rations
 l - 5 chunks of flesh


   Skills:
 + Level 3.7 Fighting
 - Level 1.7 Crossbows
 - Level 1.7 Dodging
 - Level 1.0 Spellcasting
 - Level 2.6 Hexes


You had 3 spell levels left.
You knew the following spells:

 Your Spells              Type           Power        Failure   Level  Hunger
a - Corona                Hex            #......      9%          1    ##.....


Dungeon Overview and Level Annotations

Branches:
Dungeon (2/15)

Altars:
Xom

Annotations:
D:2 Sigmund


Innate Abilities, Weirdness & Mutations

Your plain brown scales are hard. (AC +5)
You cannot fit into any form of body armour.
You are cold-blooded and may be slowed by cold attacks.


Message History

The bolt hits Sigmund but does no damage!
Sigmund is lightly wounded!
Butt hits you from afar with a scythe!!! * * * don't die
* * * Firing (i - inventory! (,) - cycle):
c - 26 bolts (quivered)
Press: ? - help, Shift-Dir - straight line, f/p - Sigmund
Aim: Sigmund, wielding a scythe and wearing a robe (lightly wounded, softly glowing, slightly transparent)
You shoot a bolt! The bolt hits Sigmund!!!
Sigmund is butt-ly wounded!
Sigmund completely misses you!
You aren't carrying any potions!
Firing (i - inventory! (,) - cycle):
c - 25 bolts (quivered)
Press: ? - help, Shift-Dir - straight line, f/p - Sigmund
Aim: Sigmund, wielding a scythe and wearing a robe (heavily wounded, softly glowing, slightly transparent)
You shoot a bolt!
The bolt hits Sigmund but does no damage!
Sigmund is heavily wounded!
Sigmund gestures at you while butt! The puff of flame hits you!!! rip

..# ##.. ##... #...#
#...# #...# #...#
#...# #########
####...#####(.@(@..#
.....).......#####.#
..............(.# ..
.............##.#
#..
####...#####.##.# ..
#.รท.# #.(.....# .
#...# ####.#g.#
#...# #..@...
####...###### #..
...#


You could see Sigmund (invisible).

Vanquished Creatures
  4 worms (D:2)
  A leopard gecko (D:1)
  3 bats
  A giant cockroach (D:1)
  4 hobgoblins
  5 jackals
  2 kobolds (D:1)
  A quokka (D:2)
  2 frilled lizards (D:1)
  2 goblins (D:2)
  2 rats
27 creatures vanquished.

Notes
Turn   | Place    | Note
-------+----------+-------------------------------------------
     0 | D:1      | Gorglomux the Draconian Arcane Marksman began the quest for the Orb.
     0 | D:1      | Reached XP level 1. HP: 16/16 MP: 2/2
   106 | D:1      | Reached skill level 2 in Fighting
   272 | D:1      | Reached XP level 2. HP: 20/25 MP: 3/3
   988 | D:2      | Reached skill level 3 in Fighting
  1035 | D:2      | Reached XP level 3. HP: 25/31 MP: 4/4
  1201 | D:2      | Found a shimmering altar of Xom.
  1308 | D:2      | Noticed Sigmund
  1330 | D:2      | Killed from afar by Sigmund

Vault maps used:
D:1:      elethiomel_arrival_infinity_welcomes_careful_drivers,
          minmay_pentomino_q2
D:2:      chequers_ecumenical_altar_simple, first_ration, tgw_xom, uniq_sigmund

Skill      XL: |  1  2 |
---------------+-------+-----
Fighting       | 2 3 |  3.7
Crossbows      | |  1.7
Dodging        | |  1.7
Spellcasting   | |  1.0
Hexes          | |  2.6

Action                   || total
-------------------------++-------
Melee: Unarmed           ||     2
 Fire: Hand crossbow     ||    53
       Hunting sling     ||    68
 Cast: Corona            ||     5
  Eat: Chunk             ||     1
Armor: Skin              ||    22
Dodge: Dodged            ||    50

Table legend:
 A = Spawn XP
 B = Non-spawn XP
 C = Spawn XP percentage of total XP
 D = Spawn monster count
 E = Non-spawn monster count
 F = Spawn count percentage of total count
 G = Total turns spent on level
                    A         B        C        D         E        F      G
               +---------+---------+-------+---------+---------+-------+---------
         Total |       0 |      62 |   0.0 |       0 |      27 |   0.0 |  1330
               +---------+---------+-------+---------+---------+-------+---------
           D:1 |       0 |      26 |   0.0 |       0 |      14 |   0.0 |   971
           D:2 |       0 |      36 |   0.0 |       0 |      13 |   0.0 |   359
               +---------+---------+-------+---------+---------+-------+---------
